 Dungeon Crawl Stone Soup version 0.21.0-3-g78d12a8bdd (webtiles) character file.

1455 Rrauwl the Basher (level 8, -2/55 HPs)
             Began as a Gargoyle Berserker on Jan 13, 2018.
             Was a Priest of Trog.
             Slain by a large abomination (11 damage)
             ... on level 1 of the Abyss.
             The game lasted 00:18:59 (5016 turns).

Rrauwl the Basher (Gargoyle Berserker)              Turns: 5016, Time: 00:18:59

Health: -2/55      AC: 22    Str: 22 (24) XL:     8   Next: 76%
Magic:  5/5        EV:  7    Int:  1 (3)  God:    Trog [***...]
Gold:   264        SH:  2    Dex:  8      Spells: 7/7 levels left

rFire    + . .     SeeInvis .   a - +0 mace
rCold    + + .     Gourm    .   s - +0 buckler (curse)
rNeg     + . .     Faith    .   h - +0 chain mail
rPois    ∞         Spirit   .   v - +2 hat
rElec    +         Reflect  .   d - scarf {rC+ rF+}
rCorr    .         Harm     .   y - +0 pair of gloves
MR       .....     Rnd*Rage +   n - +2 pair of boots Stlth ..........Rnd*Tele +
                                (no amulet)
HPRegen  0.00/turn              u - +5 ring of protection
MPRegen  0.09/turn              k - ring of protection from cold

@: berserking, very quick
A: horns 1, thin skeletal structure 1, [berserk 3], [blurry vision 3], [clumsy
2], [deformed body], [deterioration 2], [dopey 2], [frail 3], [low mp 3],
negative energy resistance 1, [screaming 3], electricity resistance, [inhibited
regeneration], [teleportitis 3], [weak 2], unbreathing, petrification
resistance, [no potion heal 3], rot immunity, [subdued magic 3], [MP-powered
wands], AC +5
a: Berserk, Trog's Hand, Burn Spellbooks, Renounce Religion


You were on level 1 of the Abyss.
You worshipped Trog.
Trog was most pleased with you.
You were not hungry.

You visited 2 branches of the dungeon, and saw 7 of its levels.
You visited the Abyss 1 time.

You collected 264 gold pieces.

Inventory:

Hand Weapons
 a - a +0 mace (weapon)
Missiles
 e - 39 bolts
Armour
 d - a scarf of resistance (worn)
 h - a +0 chain mail (worn)
 n - a +2 pair of boots (worn)
 s - a cursed +0 buckler (worn)
 t - a scarf of spirit shield
 v - a +2 hat (worn)
 y - a +0 pair of gloves (worn)
Jewellery
 b - an uncursed ring of magical power
 k - a ring of protection from cold (right hand)
 m - an uncursed ring of magical power
 u - a +5 ring of protection (left hand)
Wands
 f - a wand of polymorph (13)
 l - a wand of iceblast (9)
 o - a wand of random effects (18)
Scrolls
 g - 4 scrolls of remove curse
 i - a scroll of immolation
 j - 8 scrolls of identify
 q - 2 scrolls of magic mapping
Potions
 p - a potion of haste
 r - a potion of agility
Comestibles
 c - 10 rations


   Skills:
 + Level 7.2 Fighting
 + Level 8.1 Maces & Flails
 - Level 5.1 Armour
 - Level 2.0 Dodging


You had 7 spell levels left.
You didn't know any spells.

Dungeon Overview and Level Annotations

Branches:
Dungeon (6/15)             Temple (1/1) D:5

Altars:
Dithmenos
Elyvilon
Gozag
Hepliaklqana
Kikubaaqudgha
Makhleb
Okawaru
Qazlal
Ru
Uskayaw
Wu Jian
Xom
Yredelemnul
Zin
The Shining One


Innate Abilities, Weirdness & Mutations

You are resistant to torment.
Your stone body is resilient. (AC +5)
You are immune to poison.
You resist negative energy. (rN+)
You are resistant to electric shocks. (rElec)
You can survive without breathing.
You are immune to petrification.
You are immune to rotting.
You have a pair of small horns on your head.
You have a somewhat thin skeletal structure. (Dex +2, Stealth)
[You have an uncontrollable temper.]
[Scrolls take you much longer to read.]
[You are very clumsy. (Dex -4)]
[Armour fits poorly on your strangely shaped body.]
[Your body often deteriorates upon taking damage.]
[You are very dopey. (Int -4)]
[You are extremely frail. (-30% HP)]
[Your magical capacity is extremely low. (-30% MP)]
[You frequently scream uncontrollably at your foes.]
[You do not regenerate when monsters are visible.]
[You are often teleported next to monsters.]
[You are very weak. (Str -4)]
[Potions cannot restore your health.]
[Your spells are much easier to cast, but much less powerful.]
[You expend magic power (3 MP) to strengthen your wands.]


Message History

You hit the large abomination.
Your headbutt misses the large abomination.
The large abomination is heavily damaged.
Your chain mail prevents you from hitting the large abomination.
You headbutt the large abomination, but do no damage.
The large abomination is heavily damaged.
You block the large abomination's attack.
The wretched star pulses with an eldritch light!
You hit the large abomination but do no damage.
The large abomination is heavily damaged.
The large abomination hits you but does no damage.
The wretched star pulses with an eldritch light!
You sock the large abomination!
Your headbutt misses the large abomination.
The large abomination is severely damaged.
You barely miss the large abomination.
You headbutt the large abomination, but do no damage.
The large abomination is severely damaged.
The large abomination hits you!
You die...

. #
..#.##...##.##
.# . #.#.#...
..# #.
#.....#...# .
# #.#...... #
###.# ###. #x#
#... . ..
###.#.##.#
###.### #
*..*## §. .. .
.#.#.#X# ..
####.. . ###@#
. ..# ##...##
### . ..#. .#.
# ###. # .#.#
.. #.. . ....#
.## ## .. . ..
#.....# ### .
## # . .. ##


You could see a wretched star and a large abomination.

Vanquished Creatures
  Grinder (D:5)
  Sigmund (D:3)
  A chaos spawn (Abyss:1)
  A phantom (D:4)
  2 scorpions (D:5)
  2 orc priests
  3 hounds (D:4)
  4 orc wizards
  Jessica (D:3)
  A centaur skeleton (D:4)
  2 iguanas
  6 worker ants
  A howler monkey zombie (D:5)
  9 gnolls
  8 adders
  A white imp (Abyss:1)
  An adder skeleton (D:4)
  2 worms
  5 dart slugs
  A leopard gecko (D:4)
  9 orcs
  A ball python (D:2)
  4 bats
  9 giant cockroaches
  4 goblins (D:1)
  8 hobgoblins
  3 jackals (D:3)
  5 quokkas
  9 frilled lizards
  3 kobolds
  A quokka skeleton (D:5)
  9 rats
  4 butterflies (D:5)
122 creatures vanquished.

Notes
Turn   | Place    | Note
-------+----------+-------------------------------------------
     0 | D:1      | Rrauwl the Gargoyle Berserker began the quest for the Orb.
     0 | D:1      | Reached XP level 1. HP: 14/14 MP: 1/1
   126 | D:1      | Reached XP level 2. HP: 16/19 MP: 2/2
   571 | D:2      | Reached XP level 3. HP: 22/24 MP: 3/3
   583 | D:2      | Gained mutation: [You do not regenerate when monsters are visible.] [potion of mutation]
   583 | D:2      | Gained mutation: Your mind is acute. (Int +2) [potion of mutation]
   585 | D:2      | Lost mutation: Your mind is acute. (Int +2) [potion of mutation]
   585 | D:2      | Gained mutation: You are partially covered in molten scales. (AC +2) [potion of mutation]
   585 | D:2      | Gained mutation: Your muscles are strong. (Str +2) [potion of mutation]
   585 | D:2      | Gained mutation: [You are frail. (-10% HP)] [potion of mutation]
   585 | D:2      | Gained mutation: Your spells are a little harder to cast, but a little more powerful. [potion of mutation]
   744 | D:2      | Reached skill level 4 in Maces & Flails
   746 | D:2      | Reached XP level 4. HP: 18/26 MP: 4/4
   754 | D:2      | Reached ** piety under Trog
  1607 | D:3      | Reached XP level 5. HP: 23/30 MP: 5/5
  1727 | D:3      | Reached skill level 5 in Fighting
  1879 | D:3      | Reached skill level 5 in Maces & Flails
  1895 | D:3      | Reached XP level 6. HP: 26/36 MP: 6/6
  2032 | D:3      | Noticed Sigmund
  2053 | D:3      | Killed Sigmund
  2162 | D:3      | Reached *** piety under Trog
  2200 | D:3      | Found a hide-covered altar of Uskayaw.
  2215 | D:3      | Lost mutation: Your spells are a little harder to cast, but a little more powerful. [potion of mutation]
  2215 | D:3      | Lost mutation: [You are frail. (-10% HP)] [potion of mutation]
  2215 | D:3      | Lost mutation: [You do not regenerate when monsters are visible.] [potion of mutation]
  2215 | D:3      | Lost mutation: Your muscles are strong. (Str +2) [potion of mutation]
  2215 | D:3      | Lost mutation: You are partially covered in molten scales. (AC +2) [potion of mutation]
  2215 | D:3      | Gained mutation: You are covered in fur. (AC +1) [potion of mutation]
  2215 | D:3      | Gained mutation: [You are occasionally teleported next to monsters.] [potion of mutation]
  2215 | D:3      | Gained mutation: You are partially covered in iridescent scales. (AC +2) [potion of mutation]
  2551 | D:3      | Noticed Jessica
  2555 | D:3      | Killed Jessica
  2555 | D:3      | Reached XP level 7. HP: 44/44 MP: 7/7
  2644 | D:4      | Reached skill level 6 in Maces & Flails
  2858 | D:4      | Reached skill level 5 in Armour
  2917 | D:4      | Lost mutation: You are partially covered in iridescent scales. (AC +2) [potion of mutation]
  2917 | D:4      | Lost mutation: You are covered in fur. (AC +1) [potion of mutation]
  2917 | D:4      | Lost mutation: [You are occasionally teleported next to monsters.] [potion of mutation]
  2917 | D:4      | Gained mutation: You have a pair of small horns on your head. [potion of mutation]
  2917 | D:4      | Gained mutation: You have a somewhat thin skeletal structure. (Dex +2, Stealth) [potion of mutation]
  3275 | D:5      | Entered Level 5 of the Dungeon
  3346 | D:5      | Noticed Grinder
  3352 | D:5      | Paralysed by Grinder for 7 turns
  3371 | D:5      | Killed Grinder
  3371 | D:5      | Reached skill level 7 in Maces & Flails
  3371 | D:5      | Reached XP level 8. HP: 25/51 MP: 8/8
  3686 | D:5      | Found a runed door.
  3699 | D:5      | Found a runed door.
  4107 | D:5      | Found a staircase to the Ecumenical Temple.
  4324 | Temple   | Entered the Ecumenical Temple
  4660 | D:6      | Found a faded altar of an unknown god.
  4660 | D:6      | Found a faded altar of an unknown god.
  4665 | D:6      | Found a burning altar of Makhleb.
  4667 | D:6      | Found an ancient bone altar of Kikubaaqudgha.
  4669 | D:6      | Found a stormy altar of Qazlal.
  4720 | D:6      | Cast into level 1 of the Abyss (gnoll sergeant)
  4740 | Abyss:1  | Noticed a wretched star
  4748 | Abyss:1  | HP: 1/52 [small abomination (10)]
  4793 | Abyss:1  | Noticed a bone dragon
  4796 | Abyss:1  | Found a blossoming altar of Fedhas.
  4869 | Abyss:1  | Noticed a hellwing
  4915 | Abyss:1  | Reached skill level 8 in Maces & Flails
  4919 | Abyss:1  | Noticed a raiju
  4944 | Abyss:1  | Noticed a rakshasa
  4944 | Abyss:1  | Noticed a wretched star
  4950 | Abyss:1  | Noticed a ynoxinul
  5000 | Abyss:1  | Noticed a large abomination
  5016 | Abyss:1  | Slain by a large abomination

Skill      XL: |  1  2  3  4  5  6  7  8 |
---------------+-------------------------+-----
Dodging        | 2 |  2.0
Fighting       | 4 5 6 7 |  7.2
Maces & Flails | 4 5 7 8 |  8.1
Armour         | 3 5 |  5.1

Action                   |  1- 3 |  4- 6 |  7- 9 || total
-------------------------+-------+-------+-------++-------
Melee: Mace              |    95 |   186 |   191 ||   472
       Headbutt          |       |       |    41 ||    41
Invok: Berserk           |       |     1 |     7 ||     8
       Trog's Hand       |       |       |     3 ||     3
       Burn Spellbooks   |       |       |     1 ||     1
Evoke: Wand              |       |       |     1 ||     1
  Use: Potion            |     5 |     1 |     5 ||    11
       Scroll            |     4 |     4 |     5 ||    13
 Stab: Sleeping          |     1 |       |       ||     1
  Eat: Chunk             |       |     6 |     6 ||    12
       Ration            |       |       |     4 ||     4
Armor: Animal skin       |    45 |    29 |       ||    74
       Chain mail        |       |    85 |   113 ||   198
Dodge: Dodged            |    76 |    86 |    60 ||   222
Block: Buckler           |       |       |    14 ||    14
